 Dungeon Crawl Stone Soup version 0.23.2-1-ga50397a6bc (webtiles) character file.

Game seed: 4301404886015893654

77534 Sassnad the Severer (level 16, 0/133 HPs)
             Began as a Formicid Fighter on Apr 16, 2019.
             Was the Champion of Qazlal.
             Slain by a tarantella (3 damage)
             ... on level 1 of the Spider Nest on May 1, 2019.
             The game lasted 01:12:20 (21314 turns).

Sassnad the Severer (Formicid Fighter)             Turns: 21314, Time: 01:12:20

Health: 0/133      AC: 27    Str: 25    XL:     16   Next: 5%
Magic:  0/16       EV:  8    Int:  7    God:    Qazlal [******]
Gold:   1271       SH: 20    Dex: 17    Spells: 15/15 levels left

rFire    . . .     SeeInvis +   a - +3 battleaxe (venom)
rCold    + . .     Gourm    .   c - +0 shield
rNeg     . . .     Faith    .   m - +2 plate armour {rPois}
rPois    +         Spirit   +   (helmet unavailable)
rElec    .         Reflect  .   b - +1 cloak
rCorr    .         Harm     .   M - +2 pair of gloves {Str+3}
MR       +++..                  (no boots)
Stlth    ..........             r - amulet of guardian spirit
HPRegen  0.32/turn              o - ring of protection from magic
MPRegen  0.15/turn              X - ring of protection from cold

@: protected from physical damage, repel missiles
A: permanent stasis, dig shafts and tunnels, four strong arms, antennae 3, agile
1, dopey 1, magic resistance 1
a: Dig, Shaft Self, Upheaval, Elemental Force, Disaster Area, Renounce Religion


You were on level 1 of the Spider Nest.
You worshipped Qazlal.
Qazlal was exalted by your worship.
You were not hungry.

You visited 3 branches of the dungeon, and saw 21 of its levels.

You collected 1271 gold pieces.

Inventory:

Hand Weapons
 a - a +3 battleaxe of venom (weapon)
 q - a +2 arbalest of venom
 I - a +0 battleaxe
 L - a +2 scimitar of flaming
 R - a +3 hand axe of electrocution
 S - a +2 shortbow of flaming
 T - a +0 hunting sling
Missiles
 e - 3 needles of confusion
 k - 567 arrows
 l - 179 sling bullets
 n - 500 stones (quivered)
 z - 160 bolts
Armour
 b - a +1 cloak (worn)
 c - a +0 shield (worn)
 g - a +2 pair of gloves
 m - a +2 plate armour of poison resistance (worn)
 w - a +0 cloak
 K - a +0 plate armour
 M - a +2 pair of gloves of strength (worn)
 O - a +4 chain mail of cold resistance
Jewellery
 o - a ring of protection from magic (left hand)
 r - an amulet of guardian spirit (around neck)
 N - an uncursed ring of poison resistance
 Q - an uncursed ring of fire
 W - an uncursed amulet of magic regeneration
 X - a ring of protection from cold (right hand)
Wands
 B - a wand of polymorph (26)
 C - a wand of flame (31)
 G - a wand of paralysis (17)
 P - a wand of acid (14)
Scrolls
 h - 7 scrolls of enchant armour
 s - a scroll of enchant weapon
 v - 3 scrolls of magic mapping
 y - a scroll of brand weapon
 D - 8 scrolls of remove curse
 H - 5 scrolls of identify
 J - a scroll of silence
 U - a scroll of amnesia
Potions
 d - 2 potions of might
 i - 2 potions of ambrosia
 j - 10 potions of curing
 p - 3 potions of flight
 t - 2 potions of invisibility
 u - 5 potions of brilliance
 x - 3 potions of agility
 A - 2 potions of resistance
 E - 4 potions of lignification
 F - 2 potions of cancellation
 V - a potion of heal wounds
Comestibles
 f - 26 rations


   Skills:
 + Level 14.1 Fighting
 * Level 17.2 Axes
 + Level 6.4 Crossbows
 + Level 14.0 Armour
 - Level 9.0 Shields


You had 15 spell levels left.
You didn't know any spells.
Your spell library contained the following spells:

 Spells                   Type           Power        Failure   Level  Hunger
 Animate Skeleton         Necr           N/A          98%         1    ##.....
 Apportation              Tloc           #.....       98%         1    ##.....
 Pain                     Necr           #...         98%         1    ##.....
 Summon Butterflies       Summ           #.......     98%         1    ##.....
 Lesser Beckoning         Tloc           #.........   100%        3    ####...
 Regeneration             Chrm/Necr      #.........   100%        3    ####...
 Tukima's Dance           Hex            #.......     100%        3    ####...
 Vampiric Draining        Necr           #.........   100%        3    ####...
 Animate Dead             Necr           N/A          100%        4    #####..
 Alistair's Intoxication  Tmut/Pois      #.......     100%        5    ######.
 Invisibility             Hex            #.......     100%        6    #######


Dungeon Overview and Level Annotations

Branches:
Dungeon (14/15)            Temple (0/1) D:5            Lair (6/6) D:9
  Swamp (0/4) Lair:3       Spider (1/4) Lair:3        Slime (0/5) Lair:6
    Orc (0/2) D:10         Vaults (0/5) D:14

Altars:
Ashenzari
Fedhas
Nemelex Xobeh
Qazlal
Xom
Yredelemnul
Zin

Shops:
D:6 =   D:11 =

Portals:
Trove: D:14 (give +4 shadow dragon scales)

Annotations:
D:6 3 runed translucent doors, chimenez's ghost, novice TrFi; mora's ghost, novice OgTm
Spider:1 exclusion: Roxanne, Roxanne


Innate Abilities, Weirdness & Mutations

You cannot be hasted, slowed, berserked, paralysed or teleported.
You can dig through walls and to a lower floor.
Your four strong arms can wield two-handed weapons with a shield.
You have a pair of large antennae on your head. (SInv)
You are agile. (Dex +2)
You are dopey. (Int -2)
You are resistant to hostile enchantments. (MR+)


Message History

You hit Roxanne but do no damage. You completely miss the wolf spider.
You barely miss the redback. You slice the redback!!
The redback looks as sick as possible!
You hit the redback but do no damage.
You hit the demonic crawler but do no damage.
You hear an angry hiss.
You kill the redback!
Qazlal accepts your kill.
You kill the jumping spider!
Qazlal accepts your kill.
The jumping spider leaps! x2; The redback barely misses you.
The wolf spider hits you but does no damage.
The wolf spider bites you. You block the redback's attack.
The demonic crawler is engulfed in freezing vapours.
You block the demonic crawler's attack. x2
The demonic crawler hits you but does no damage.
Roxanne casts a spell.
The crystal spear hits you!!!
* * * LOW HITPOINT WARNING * * *
The tarantella bites you.
You die...

{##.. ≈##
###...####..{
#.#..#≈..≈^
#..^.#...#
#..○...###
#..°<.#≈.#
..≈≈#..°○#..# .
###○ss..#
#°@s..#
.....sss8§...#
....>§.s.s..##
.....s°#......s
#..†##.#..#°...
#... ## ≈##...#
##. #. #.. ≈ .
#.


You could see Roxanne, a demonic crawler, a wolf spider, an orb spider, 2
jumping spiders, a tarantella and 4 redbacks.

Vanquished Creatures
  Rupert (Lair:4)
  Frances (D:13)
  Kirke (D:14)
  Snorg (Lair:4)
  Erolcha (D:10)
  5 hydras
  A vault guard (D:14)
  A catoblepas (Lair:6)
  3 centaur warriors
  Erica (D:8)
  4 two-headed ogres
  Urug (D:13)
  A deep troll shaman (Lair:6)
  8 death yaks (Lair:6)
  2 unseen horrors
  A wizard (D:14)
  A deep elf archer (D:14)
  A lindwurm (Lair:6)
  A swamp dragon (Lair:1)
  Pikel (D:7)
  3 deep elf magi (D:14)
  6 ugly things
  A wolf spider (Spider:1)
  An orb spider (Spider:1)
  2 cyclopes (D:12)
  10 elephants
  A centaur zombie (D:13)
  2 black mambas
  Psyche (D:12)
  13 spiny frogs
  4 centaur skeletons
  2 gargoyles
  Joseph (D:10)
  4 yaktaurs (D:14)
  2 kobold demonologists
  6 rime drakes
  A freezing wraith (D:14)
  A komodo dragon (Lair:1)
  4 trolls
  The ghost of strelocc the Grave Robber, an amateur DDNe (D:5)
  5 polar bears
  A jumping spider (Spider:1)
  Grinder (D:3)
  9 blink frogs
  8 hippogriffs
  A tyrant leech (Lair:3)
  15 dream sheep
  Sigmund (D:3)
  4 wyverns
  15 redbacks
  2 wraiths
  A yak (shapeshifter) (D:13)
  A vampire (D:12)
  4 basilisks
  3 humans
  42 yaks
  5 hogs
  A hungry ghost (D:8)
  A steam dragon (D:10)
  Menkaure (D:4)
  Edmund (D:5)
  A soldier ant (D:11)
  A swamp worm (Lair:3)
  A two-headed ogre zombie (D:10)
  5 acid dragons (D:12)
  6 water moccasins
  6 porcupines
  4 orc warriors
  2 ice beasts
  7 ogres
  3 sky beasts
  A black bear (Lair:6)
  6 phantoms
  A slave (D:7)
  12 wolves
  10 centaurs
  8 crocodiles
  Blork the orc (D:6)
  21 big kobolds
  20 bullfrogs
  2 gnoll sergeants
  A scorpion (D:7)
  4 killer bees (D:10)
  3 troll zombies (D:10)
  A howler monkey (D:4)
  2 electric eels (Lair:3)
  8 crimson imps
  4 bullfrog zombies
  4 lava snakes
  2 quasits
  Crazy Yiuf (D:3)
  8 hounds
  9 orc priests
  9 jellies
  3 bullfrog skeletons
  12 orc wizards
  17 worker ants
  Ijyb (D:5)
  Natasha (thrice) (D:4)
  4 ogre zombies (D:10)
  A hound skeleton (D:11)
  A howler monkey skeleton (D:9)
  2 worker ant zombies
  18 gnolls
  16 adders
  5 shadow imps
  3 oozes
  An adder skeleton (D:4)
  4 worms
  2 dart slugs
  5 leopard geckos
  29 orcs
  6 bats
  5 giant cockroaches
  7 goblins
  11 hobgoblins
  14 jackals
  5 quokkas
  8 frilled lizards
  3 goblin zombies (D:10)
  5 hobgoblin zombies (D:10)
  2 jackal skeletons
  20 kobolds
  A leopard gecko skeleton (D:4)
  A leopard gecko zombie (D:5)
  3 orc skeletons (D:10)
  11 orc zombies (D:10)
  A quokka zombie (D:8)
  15 rats
  A spectral orc (D:3)
  3 fungi
  2 plants (Lair:1)
650 creatures vanquished.

Vanquished Creatures (others)
  A hobgoblin zombie (D:10)
  2 orc zombies (D:10)
  3 fungi
  A plant (Lair:5)
  4 withered plants (D:6)
11 creatures vanquished.

Grand Total: 661 creatures vanquished

Notes
Turn   | Place    | Note
-------+----------+-------------------------------------------
     0 | D:1      | Sassnad the Formicid Fighter began the quest for the Orb.
     0 | D:1      | Reached XP level 1. HP: 18/18 MP: 1/1
    65 | D:1      | Reached XP level 2. HP: 22/24 MP: 2/2
   380 | D:1      | Reached XP level 3. HP: 29/29 MP: 3/3
  1047 | D:2      | Reached skill level 3 in Axes
  1047 | D:2      | Reached XP level 4. HP: 37/37 MP: 4/4
  1090 | D:2      | Noticed a fire elemental
  1092 | D:2      | Found a stormy altar of Qazlal.
  1093 | D:2      | Noticed an earth elemental
  1108 | D:2      | Noticed an air elemental
  1111 | D:2      | Noticed a water elemental
  1117 | D:2      | Became a worshipper of Qazlal Stormbringer
  1570 | D:2      | Found a shattered altar of Ashenzari.
  1623 | D:2      | Reached XP level 5. HP: 39/42 MP: 5/5
  1835 | D:2      | Reached * piety under Qazlal
  2002 | D:3      | Noticed Sigmund
  2022 | D:3      | Killed Sigmund
  2022 | D:3      | Reached skill level 4 in Axes
  2022 | D:3      | Reached XP level 6. HP: 49/49 MP: 6/6
  2070 | D:3      | Found a blossoming altar of Fedhas.
  2158 | D:3      | Noticed Grinder
  2183 | D:3      | Killed Grinder
  2183 | D:3      | Reached skill level 5 in Shields
  2183 | D:3      | Reached XP level 7. HP: 14/55 MP: 2/7
  2604 | D:3      | Found a basalt altar of Yredelemnul.
  2811 | D:3      | Reached skill level 5 in Axes
  3000 | D:3      | Found a runed translucent door.
  3001 | D:3      | Noticed Crazy Yiuf
  3013 | D:3      | Killed Crazy Yiuf
  3307 | D:4      | Noticed Menkaure
  3310 | D:4      | Killed Menkaure
  3310 | D:4      | Reached skill level 5 in Fighting
  3310 | D:4      | Reached skill level 5 in Armour
  3336 | D:4      | Reached XP level 8. HP: 59/62 MP: 6/8
  3444 | D:4      | Noticed Natasha
  3449 | D:4      | Killed Natasha
  3543 | D:4      | Reached ** piety under Qazlal
  3547 | D:4      | Reached skill level 6 in Axes
  3836 | D:4      | Noticed Natasha
  3844 | D:4      | Killed Natasha
  3875 | D:4      | Noticed Natasha
  3880 | D:4      | Killed Natasha
  4128 | D:5      | Entered Level 5 of the Dungeon
  4206 | D:5      | Found a large runed translucent door.
  4206 | D:5      | Found a large runed translucent door.
  4210 | D:5      | Noticed strelocc's ghost (amateur DDNe)
  4223 | D:5      | Found a staircase to the Ecumenical Temple.
  4261 | D:5      | Noticed Ijyb
  4270 | D:5      | Killed Ijyb
  4297 | D:5      | Noticed Edmund
  4307 | D:5      | Killed Edmund
  4353 | D:5      | Reached XP level 9. HP: 61/69 MP: 9/9
  4474 | D:5      | Reached skill level 7 in Axes
  4852 | D:6      | Found a runed translucent gate.
  4852 | D:6      | Found a runed translucent gate.
  4852 | D:6      | Found a runed translucent gate.
  4853 | D:6      | Noticed mora's ghost (novice OgTm)
  4853 | D:6      | Noticed chimenez's ghost (novice TrFi)
  5062 | D:6      | Noticed Blork the orc
  5070 | D:6      | Killed Blork the orc
  5203 | D:6      | Found Ochec's Jewellery Emporium.
  5698 | D:5      | Killed strelocc's ghost
  5698 | D:5      | Reached skill level 8 in Axes
  6831 | D:7      | Reached *** piety under Qazlal
  7030 | D:7      | Reached XP level 10. HP: 74/79 MP: 8/10
  7146 | D:7      | Noticed Pikel
  7156 | D:7      | Killed Pikel
  7156 | D:7      | Reached skill level 9 in Axes
  7944 | D:8      | Noticed Erica
  7966 | D:8      | Killed Erica
  8489 | D:8      | Reached skill level 10 in Axes
  8648 | D:8      | Found a glowing silver altar of Zin.
  8762 | D:9      | Reached XP level 11. HP: 83/87 MP: 11/11
  8869 | D:9      | Found a staircase to the Lair.
  9039 | D:9      | Found a shimmering altar of Xom.
  9043 | D:9      | Found a shimmering altar of Xom.
  9043 | D:9      | Found a shimmering altar of Xom.
  9043 | D:9      | Found a shimmering altar of Xom.
  9055 | D:9      | Found a shimmering altar of Xom.
  9055 | D:9      | Found a shimmering altar of Xom.
  9090 | D:9      | Found a shimmering altar of Xom.
  9159 | D:9      | Reached **** piety under Qazlal
  9177 | D:9      | Reached skill level 11 in Axes
  9467 | D:9      | Gained mutation: You are dopey. (Int -2) [potion of
                  | mutation]
  9467 | D:9      | Gained mutation: You are resistant to hostile enchantments.
                  | (MR+) [potion of mutation]
  9467 | D:9      | Gained mutation: You are agile. (Dex +2) [potion of
                  | mutation]
  9488 | D:10     | Entered Level 10 of the Dungeon
  9505 | D:10     | Noticed a sixfirhy
 10101 | D:10     | Found a staircase to the Orcish Mines.
 10105 | D:10     | Reached ***** piety under Qazlal
 10107 | D:10     | Noticed Joseph
 10120 | D:10     | Reached XP level 12. HP: 89/97 MP: 10/12
 10128 | D:10     | Reached skill level 12 in Axes
 10149 | D:10     | Reached skill level 10 in Armour
 10152 | D:10     | Killed Joseph
 10152 | D:10     | Reached skill level 10 in Fighting
 10234 | D:10     | Noticed an unseen horror
 10246 | D:10     | Killed an unseen horror
 10373 | D:10     | Noticed Erolcha
 10383 | D:10     | Killed Erolcha
 10872 | D:11     | Found Okabled's Jewellery Boutique.
 11322 | D:11     | Reached skill level 13 in Axes
 11416 | D:12     | Noticed a two-headed ogre
 11687 | D:12     | Killed a two-headed ogre
 11909 | D:12     | Noticed a two-headed ogre
 11914 | D:12     | Killed a two-headed ogre
 12008 | D:12     | Noticed a two-headed ogre
 12009 | D:12     | Noticed Psyche
 12012 | D:12     | Reached XP level 13. HP: 104/106 MP: 13/13
 12031 | D:12     | Killed Psyche
 12116 | D:12     | Reached ****** piety under Qazlal
 12291 | D:12     | Found a transporter.
 12678 | D:12     | Found a transporter.
 13005 | D:13     | Noticed Urug
 13036 | D:13     | Killed Urug
 13036 | D:13     | Reached skill level 14 in Axes
 13168 | D:13     | Noticed a centaur warrior
 13176 | D:13     | Killed a centaur warrior
 13350 | D:13     | Noticed Frances
 13378 | D:13     | Killed Frances
 14145 | D:14     | Noticed a five-headed hydra
 14157 | D:14     | Killed an 11-headed hydra
 14265 | D:14     | Reached skill level 15 in Axes
 14270 | D:14     | Noticed a centaur warrior
 14275 | D:14     | Reached XP level 14. HP: 69/115 MP: 10/14
 14344 | D:14     | Noticed Kirke
 14366 | D:14     | Killed Kirke
 14616 | D:14     | Found a gate to the Vaults.
 14685 | D:14     | Found a portal to a secret trove of treasure.
 14774 | D:14     | Reached skill level 1 in Crossbows
 14973 | D:14     | Found a sparkling altar of Nemelex Xobeh.
 15327 | Lair:1   | Entered Level 1 of the Lair of Beasts
 17019 | Lair:3   | Reached skill level 16 in Axes
 17190 | Lair:3   | Found a hole to the Spider Nest.
 17270 | Lair:3   | Found a staircase to the Swamp.
 17848 | Lair:4   | Noticed Snorg
 17863 | Lair:4   | Killed Snorg
 18803 | Lair:5   | Reached XP level 15. HP: 73/124 MP: 9/15
 18819 | Lair:5   | Noticed Rupert
 18850 | Lair:4   | Killed Rupert
 20214 | Lair:6   | Entered Level 6 of the Lair of Beasts
 20224 | Lair:6   | Reached skill level 5 in Crossbows
 20602 | Lair:6   | Found a staircase to the Slime Pits.
 20947 | Lair:6   | Reached skill level 17 in Axes
 21294 | Spider:1 | Entered Level 1 of the Spider Nest
 21294 | Spider:1 | Identified Roxanne's Guide on Transformation
 21294 | Spider:1 | Noticed Roxanne
 21307 | Spider:1 | Reached XP level 16. HP: 110/133 MP: 12/16
 21314 | Spider:1 | HP: 3/133 [Roxanne/crystal spear (40)]
 21314 | Spider:1 | Slain by a tarantella

Skill      XL: |  1  2  3  4  5  6  7  8  9 10 11 12 13 14 15 |
---------------+----------------------------------------------+-----
Shields        | 4 5 6 7 9 |  9.0
Axes           | 3 4 5 6 8 10 11 13 15 16 17 | 17.2
Fighting       | 4 5 6 7 8 9 11 12 13 14 | 14.1
Armour         | 4 5 6 7 8 9 11 12 13 14 | 14.0
Crossbows      | 4 6 |  6.4

Action                   |  1- 3 |  4- 6 |  7- 9 | 10-12 | 13-15 | 16-18 || total
-------------------------+-------+-------+-------+-------+-------+-------++-------
Melee: War axe           |    71 |   111 |   319 |   180 |       |       ||   681
       Hand axe          |       |       |       |   545 |   374 |       ||   919
       Battleaxe         |       |       |       |       |   466 |     7 ||   473
       Scimitar          |       |       |       |       |    15 |       ||    15
 Fire: Hunting sling     |    28 |    22 |   151 |    98 |    58 |       ||   357
       Arbalest          |       |       |       |       |   106 |       ||   106
       Shortbow          |       |       |       |       |     5 |       ||     5
Invok: Upheaval          |       |       |     2 |     3 |     2 |       ||     7
  Use: Scroll            |       |     6 |     9 |     6 |    11 |       ||    32
       Potion            |       |     1 |       |     1 |     2 |       ||     4
 Stab: Petrified         |       |       |       |       |    11 |       ||    11
       Petrifying        |       |       |       |       |     2 |       ||     2
  Eat: Chunk             |       |     4 |    16 |    14 |    12 |       ||    46
       Ration            |       |       |       |     1 |     6 |       ||     7
Armor: Scale mail        |    36 |    56 |       |       |       |       ||    92
       Chain mail        |       |       |   119 |    22 |   122 |       ||   263
       Plate armour      |       |       |       |   202 |   237 |    18 ||   457
Dodge: Dodged            |    33 |    18 |    58 |   101 |   141 |    11 ||   362
       Deflected         |       |       |       |     5 |     7 |       ||    12
Block: Shield            |    36 |    63 |   212 |   505 |   740 |    20 ||  1576
